 Dungeon Crawl Stone Soup version 0.22-a0-422-g9628fc8 (webtiles) character file.

143 Mgcat the Magician (level 5, -3/28 HPs)
             Began as a Deep Elf Earth Elementalist on May 20, 2018.
             Slain by an iguana (6 damage)
             ... on level 4 of the Dungeon.
             The game lasted 00:05:08 (2116 turns).

Mgcat the Magician (Deep Elf Earth Elementalist)    Turns: 2116, Time: 00:05:09

Health: -3/28      AC:  9    Str:  5    XL:     5   Next: 4%
Magic:  3/13       EV: 13    Int: 21    God:
Gold:   56         SH:  0    Dex: 15    Spells: 9/13 levels left

rFire    . . .     SeeInvis .   a - +0 dagger (protect)
rCold    . . .     Gourm    .   (no shield)
rNeg     . . .     Faith    .   c - +0 robe
rPois    .         Spirit   .   (no helmet)
rElec    .         Reflect  .   (no cloak)
rCorr    .         Harm     .   (no gloves)
MR       .....                  (no boots)
Stlth    +++.......             (no amulet)
HPRegen  0.09/turn              (no ring)
MPRegen  0.13/turn              (no ring)

@: protection aura
A: no striking features
a: no special abilities


You were on level 4 of the Dungeon.
You were hungry.

You visited 1 branch of the dungeon, and saw 4 of its levels.

You collected 56 gold pieces.

Inventory:

Hand Weapons
 a - a +0 dagger of protection (weapon)
   (You took it off a goblin on level 1 of the Dungeon)
Missiles
 b - 21 stones (quivered)
Armour
 c - a +0 robe (worn)
Scrolls
 e - a scroll of identify {unknown}
 f - a scroll of amnesia {unknown}
 i - a scroll of enchant weapon {unknown}
 j - 3 scrolls of teleportation {unknown}
 k - a scroll of magic mapping {unknown}
 m - a scroll of fear {unknown}
Potions
 g - a potion of curing {unknown}
 h - a potion of heal wounds {unknown}
 n - a potion of cancellation {unknown}
Comestibles
 d - 2 rations
 l - 9 chunks of flesh {@w0}


   Skills:
 - Level 2.4 Dodging
 + Level 4.3 Stealth
 + Level 4.6 Spellcasting
 + Level 0.8 Conjurations
   Level 1.1 Transmutations
 + Level 4.4 Earth Magic


You had 9 spell levels left.
You knew the following spells:

 Your Spells              Type           Power        Failure   Level  Hunger
a - Sandblast             Erth           ###...       1%          1    None
b - Stone Arrow           Conj/Erth      ###...       11%         3    ##.....

Your spell library contained the following spells:

 Spells                   Type           Power        Failure   Level  Hunger
 Passwall                 Tmut/Erth      ###.......   5%          2    #......
 Lee's Rapid Deconstruct  Erth           ###.......   45%         5    ######.
 Petrify                  Tmut/Erth      ###.....     34%         4    ####...


Dungeon Overview and Level Annotations

Branches:
Dungeon (3/15)

Altars:


Message History

The goblin is severely wounded.
The goblin hits you but does no damage.
You closely miss the goblin.
The goblin is severely wounded.
The goblin misses you.
You hit the goblin.
You kill the goblin!
Things that are here:
a dagger; a goblin corpse You butcher the goblin corpse.
l - 10 chunks of flesh {@w0} (gained 3)
Things that are here:
a dagger; a goblin skeleton
Things that are here:
a dagger; a goblin skeleton 2 goblins come into view.
Casting: Sandblast (safe; 1% risk of failure)
Confirm with . or Enter, or press ? or * to list all spells.
You can't see any susceptible monsters within range! (Use Z to cast anyway.)
An iguana comes into view.
The goblin shouts! x2; You hear a shout! x4
A hobgoblin comes into view. It is wielding a club.
A goblin comes into view.
Found an escape hatch in the floor.
The gnoll shouts!
Casting: Sandblast (safe; 1% risk of failure)
Confirm with . or Enter, or press ? or * to list all spells.
Aiming: Stone Arrow (safe; 12% risk of failure)
Press: ? - help, Shift-Dir - straight line, f - gnoll
Aim: a gnoll, wielding a whip The stone arrow hits the gnoll.
You kill the gnoll!
You have reached level 5!
Things that are here:
a whip; a dagger; a goblin skeleton You barely miss the goblin.
The goblin barely misses you.
You barely miss the goblin. The goblin misses you.
You barely miss the goblin. The goblin hits you but does no damage.
You hit the goblin.
Your weapon exudes an aura of protection.
The goblin is moderately wounded.
The goblin completely misses you.
You hit the goblin.
You kill the goblin!
The goblin wields a glowing hunting sling.
It bursts into flame!
The goblin shoots a stone.
The stone barely misses you.
You completely miss the hobgoblin.
The hobgoblin hits you but does no damage.
The iguana hisses angrily.
You hit the hobgoblin.
The hobgoblin is lightly wounded.
The hobgoblin hits you but does no damage.
You closely miss the hobgoblin.
The hobgoblin is lightly wounded.
The hobgoblin hits you but does no damage.
You hit the hobgoblin but do no damage.
The hobgoblin is lightly wounded.
The hobgoblin misses you.
You hit the hobgoblin.
The hobgoblin is heavily wounded.
The hobgoblin hits you with a club.
You closely miss the hobgoblin.
The hobgoblin is heavily wounded.
You are feeling hungry.
A ball python comes into view.
The hobgoblin hits you with a club.
The ball python hisses angrily.
You hit the hobgoblin but do no damage.
The hobgoblin is heavily wounded.
Casting: Stone Arrow (safe; 12% risk of failure)
Confirm with . or Enter, or press ? or * to list all spells.
Aiming: Stone Arrow (safe; 12% risk of failure)
Press: ? - help, Shift-Dir - straight line, f - hobgoblin
Aim: a hobgoblin, wielding a club (heavily wounded)
The stone arrow hits the hobgoblin.
You kill the hobgoblin!
The goblin shoots a stone.
The stone closely misses you.
Some of the chunks of flesh in your inventory have rotted away.
Casting: Stone Arrow (safe; 12% risk of failure)
Confirm with . or Enter, or press ? or * to list all spells.
Aiming: Stone Arrow (safe; 12% risk of failure)
Press: ? - help, Shift-Dir - straight line, f - goblin
Aim: a goblin The stone arrow misses the goblin.
The goblin hits you but does no damage.
You hit the goblin.
The goblin is severely wounded.
The goblin hits you.
You closely miss the goblin.
The goblin is severely wounded.
The goblin hits you. The iguana bites you!
* * * LOW HITPOINT WARNING * * *
Casting: Stone Arrow (safe; 12% risk of failure)
Confirm with . or Enter, or press ? or * to list all spells.
Aiming: Stone Arrow (safe; 12% risk of failure)
Press: ? - help, Shift-Dir - straight line, f/p - goblin
Aim: a goblin (severely wounded)
The stone arrow hits the goblin.
You kill the goblin!
The iguana bites you.
You die...

.#.#.###>...........l
...............#.###.
.#.#.###.#.##.####
.#.###..........
..........##.####
#.#.##...)##.#
.......g....#
.#.##.#S###.######. #
##.#@###........
.....gl............
........(...#####.#
##.#....###.# #
......#.###.#####.#
#.#.##...#........
#.#............... .
................
###.##.........


You could see an iguana, 2 goblins and a ball python.

Vanquished Creatures
  A centaur skeleton (D:2)
  3 gnolls (D:4)
  3 adders
  A worm (D:2)
  A leopard gecko (D:1)
  6 bats
  4 giant cockroaches
  7 hobgoblins
  3 jackals (D:2)
  2 quokkas (D:2)
  3 frilled lizards (D:2)
  10 goblins
  5 kobolds
  7 rats
56 creatures vanquished.

Notes
Turn   | Place    | Note
-------+----------+-------------------------------------------
     0 | D:1      | Mgcat the Deep Elf Earth Elementalist began the quest for the Orb.
     0 | D:1      | Reached XP level 1. HP: 10/10 MP: 6/6
   101 | D:1      | Reached XP level 2. HP: 14/15 MP: 8/8
   416 | D:1      | Reached skill level 3 in Stealth
   708 | D:2      | Reached XP level 3. HP: 9/19 MP: 3/10
   713 | D:2      | Learned a level 3 spell: Stone Arrow
  1152 | D:2      | Reached skill level 4 in Earth Magic
  1209 | D:2      | Reached skill level 4 in Spellcasting
  1222 | D:2      | HP: 4/19 [something (6)]
  1223 | D:2      | HP: 1/19 [something (3)]
  1561 | D:2      | Reached XP level 4. HP: 24/24 MP: 1/12
  1651 | D:2      | Reached skill level 4 in Stealth
  1985 | D:3      | You fall through a shaft!
  2090 | D:4      | Reached XP level 5. HP: 23/28 MP: 9/13
  2115 | D:4      | HP: 3/28 [iguana (12)]
  2116 | D:4      | Slain by an iguana

Vault maps used:
D:1:      lightli_molten_gateway, st_stairs_11, serial_bayou_ford_a
D:3:      portal_sewer_entry_e, grunt_decor_mini_mirrors, minmay_misc_feat_cross
D:4:      minitemple, minivault_23, uniq_robin

Skill      XL: |  1  2  3  4 |
---------------+-------------+-----
Stealth        | 3 4 |  4.3
Earth Magic    | 4 |  4.4
Spellcasting   | 4 |  4.6
Dodging        | |  2.4
Conjurations   | |  0.8
Transmutations | |  1.1

Action                   |  1- 3 |  4- 6 || total
-------------------------+-------+-------++-------
Melee: Dagger            |   111 |    19 ||   130
 Cast: Sandblast         |    27 |     2 ||    29
       Stone Arrow       |     8 |    16 ||    24
  Use: Scroll            |     1 |       ||     1
 Stab: Sleeping          |     4 |       ||     4
  Eat: Chunk             |     3 |     2 ||     5
Armor: Robe              |    40 |     5 ||    45
Dodge: Dodged            |   100 |     7 ||   107

Table legend:
 A = Spawn XP
 B = Non-spawn XP
 C = Spawn XP percentage of total XP
 D = Spawn monster count
 E = Non-spawn monster count
 F = Spawn count percentage of total count
 G = Total turns spent on level
                    A         B        C        D         E        F      G
               +---------+---------+-------+---------+---------+-------+---------
         Total |       0 |     205 |   0.0 |       0 |      56 |   0.0 |  2116
               +---------+---------+-------+---------+---------+-------+---------
           D:1 |       0 |      33 |   0.0 |       0 |      19 |   0.0 |   688
           D:2 |       0 |     107 |   0.0 |       0 |      28 |   0.0 |  1210
           D:3 |       0 |      15 |   0.0 |       0 |       2 |   0.0 |    87
           D:4 |       0 |      50 |   0.0 |       0 |       7 |   0.0 |   131
               +---------+---------+-------+---------+---------+-------+---------

Vault maps used:
D:1:      lightli_molten_gateway, st_stairs_11, serial_bayou_ford_a
D:3:      portal_sewer_entry_e, grunt_decor_mini_mirrors, minmay_misc_feat_cross
D:4:      minitemple, minivault_23, uniq_robin

Table legend:
 A = Turns spent in this place as a percentage of turns spent in the entire game.
 B = Non-inter-level travel turns spent in this place as a percentage of non-inter-level travel turns spent in the entire game.
 C = Inter-level travel turns spent in this place as a percentage of turns spent in this place.
 D = Turns resting spent in this place as a percentage of non-inter-level travel turns spent in this place.
 E = Turns spent auto-exploring this place as a percentage of non-inter-level travel turns spent in this place.
 F = Non-inter-level travel turns spent in this place divided by the number of levels of this place that you've seen.
                   A       B       C       D       E      F
               +-------+-------+-------+-------+-------+----------------------
         Total | 100.0 | 100.0 |   0.8 |   0.0 |  78.0 | 524.8
       Dungeon | 100.0 | 100.0 |   0.8 |   0.0 |  78.0 | 524.8
               +-------+-------+-------+-------+-------+----------------------

Table legend:
 A = Kills in this place as a percentage of kills in entire the game.
 B = Kills by you in this place as a percentage of kills by you in the entire game.
 C = Kills by friends in this place as a percentage of kills by friends in the entire game.
 D = Other kills in this place as a percentage of other kills in the entire game.
 E = Experience gained in this place as a percentage of experience gained in the entire game.
 F = Experience gained in this place divided by the number of levels of this place that you have seen.
                   A       B       C       D       E      F
               +-------+-------+-------+-------+-------+----------------------
         Total | 100.0 | 100.0 |   N/A |   N/A | 100.0 |  51.2
       Dungeon | 100.0 | 100.0 |   N/A |   N/A | 100.0 |  51.2
               +-------+-------+-------+-------+-------+----------------------
